 Dungeon Crawl Stone Soup version 0.21-a0-401-g0b6bec4 (webtiles) character file.

22 Kavrick the Skirmisher (level 2, 0/24 HPs)
             Began as a Demonspawn Fighter on Oct 21, 2017.
             Succumbed to a goblin's poison
             ... on level 1 of the Dungeon.
             The game lasted 00:00:48 (385 turns).

Kavrick the Skirmisher (Demonspawn Fighter)          Turns: 385, Time: 00:00:48

Health: 0/24       AC:  6    Str: 16    XL:     2   Next: 68%
Magic:  2/2        EV:  6    Int:  9    God:
Gold:   27         SH:  8    Dex: 12    Spells: 1/1 levels left

rFire    . . .     SeeInvis .   a - +0 long sword
rCold    . . .     Gourm    .   c - +0 shield
rNeg     . . .     Faith    .   b - +0 scale mail
rPois    .         Spirit   .   (no helmet)
rElec    .         Reflect  .   (no cloak)
rCorr    .         Harm     .   (no gloves)
MR       .....                  (no boots)
Stlth    ..........             (no amulet)
HPRegen  0.08/turn              (no ring)
MPRegen  0.08/turn              (no ring)

@: lethally poisoned (0 -> -10)
A: powered by pain 1
a: no special abilities


You were on level 1 of the Dungeon.
You were not hungry.

You visited 1 branch of the dungeon, and saw 1 of its levels.

You collected 27 gold pieces.

Inventory:

Hand Weapons
 a - a +0 long sword (weapon)
Armour
 b - a +0 scale mail (worn)
 c - a +0 shield (worn)
Jewellery
 e - an uncursed ring of magical power {unknown}
 i - an uncursed ring of see invisible {unknown}
Potions
 d - a potion of might
Comestibles
 f - a bread ration
 g - 3 chunks of flesh
 h - a meat ration


   Skills:
 + Level 3.2 Fighting
 + Level 2.1 Long Blades
 + Level 3.0 Armour
 + Level 2.9 Shields


You had one spell level left.
You didn't know any spells.

Dungeon Overview and Level Annotations

Branches:
Dungeon (1/15)

Altars:


Innate Abilities, Weirdness & Mutations

You sometimes gain a little power by taking damage.


Message History

* * * LOW HITPOINT WARNING * * *
You feel sick. You block the bat's attack. The bat closely misses you.
You block the kobold's attack. The kobold hits you with a short sword.
* * * LOW HITPOINT WARNING * * *
You hit the kobold.
You kill the kobold!
Your Armour skill increases to level 3!
* * * LOW HITPOINT WARNING * * *
You feel sick. You block the bat's attack.
Okay, then.
* * * LOW HITPOINT WARNING * * *
You feel sick. The bat hits you but does no damage.
The bat hits you but does no damage.
* * * LOW HITPOINT WARNING * * *
You feel sick. You block the bat's attack. The bat closely misses you.
You riposte.
You barely miss the bat.
The bat is moderately wounded.
You closely miss the bat.
The bat is moderately wounded.
You die...

#. #.# ##.######.#
####.........#
.........=.#.########
#.......##.#........#
#(......##.#.######.#
#.......##.#.# #.#
#.....)).(...# #.#
#......@#....# #.#
#......b....## #.###
#.......###..# #...#
####..### #..# ###.#
.... ###..# #.# .##..
....# #.# #. ... #..#
#.#
##.##.######..########.#
...#.......รท..........#


You could see a bat.

Vanquished Creatures
  A gnoll (D:1)
  A leopard gecko (D:1)
  4 bats (D:1)
  A giant cockroach (D:1)
  A goblin (D:1)
  2 frilled lizards (D:1)
  2 kobolds (D:1)
12 creatures vanquished.

Notes
Turn   | Place    | Note
-------+----------+-------------------------------------------
     0 | D:1      | Kavrick the Demonspawn Fighter began the quest for the Orb.
     0 | D:1      | Reached XP level 1. HP: 18/18 MP: 1/1
    18 | D:1      | Gained mutation: You sometimes gain a little power by taking damage. [demonic ancestry]
    18 | D:1      | Reached XP level 2. HP: 16/24 MP: 2/2
   384 | D:1      | HP: 1/24 [poisoned by a goblin]
   385 | D:1      | Succumbed to a goblin's poison

Vault maps used:
D:1:      sevenhm_arrival_forest_fort_small_5

Skill      XL: |  1  2 |
---------------+-------+-----
Long Blades    | 2 |  2.1
Armour         | 3 |  3.0
Fighting       | |  3.2
Shields        | |  2.9

Action                   || total
-------------------------++-------
Melee: Long sword        ||    38
Armor: Scale mail        ||    37
Dodge: Dodged            ||    22
Block: Shield            ||    47
       Rpst.: Long sword ||    11

Table legend:
 A = Spawn XP
 B = Non-spawn XP
 C = Spawn XP percentage of total XP
 D = Spawn monster count
 E = Non-spawn monster count
 F = Spawn count percentage of total count
 G = Total turns spent on level
                    A         B        C        D         E        F      G
               +---------+---------+-------+---------+---------+-------+---------
         Total |       0 |      32 |   0.0 |       0 |      12 |   0.0 |   385
               +---------+---------+-------+---------+---------+-------+---------
           D:1 |       0 |      32 |   0.0 |       0 |      12 |   0.0 |   385
               +---------+---------+-------+---------+---------+-------+---------
